 Dungeon Crawl Stone Soup version 0.29.1-15-g9cfb28693d (webtiles) character file.

Game seed: 342740349916305840

1304 javelincjr the Magician (level 8, -3/58 HPs)
             Began as a Demonspawn Hedge Wizard on Apr 19, 2023.
             Was a Believer of Makhleb.
             Slain by a gargoyle
             ... wielding a +0 mace
              (12 damage)
             ... on level 6 of the Dungeon.
             The game lasted 00:19:42 (8073 turns).

javelincjr the Magician (Demonspawn Hedge Wizard)   Turns: 8073, Time: 00:19:42

Health: -3/58      AC: 11    Str: 11    XL:     8   Next: 31%
Magic:  16/16      EV:  9    Int: 18    God:    Makhleb [**....]
Gold:   126        SH:  0    Dex: 12    Spells: 14/17 levels left

rFire   . . .      SeeInvis .   t - +6 quarterstaff (chaos)
rCold   + . .      Faith    .   (shield currently unavailable)
rNeg    . . .      Spirit   .   E - +1 scale mail of Zeplic {Rampage}
rPois   .          Reflect  .   c - +0 hat
rElec   .          Harm     .   u - +0 cloak {Stlth+}
rCorr   .          Rampage  +   I - +0 pair of gloves
Will    .....                   (no boots)
Stlth   ++........              e - amulet of regeneration
HPRegen 0.99/turn               k - ring of ice
MPRegen 0.15/turn               l - ring of protection from fire

@: mighty
A: yellow scales 1, foul stench 1, weakness stinger 2
a: Renounce Religion, Minor Destruction


You were on level 6 of the Dungeon.
You worshipped Makhleb.
Makhleb was pleased with you.
You visited 1 branch of the dungeon, and saw 6 of its levels.

You collected 342 gold pieces.
You spent 216 gold pieces at shops.

Inventory:

Hand Weapons
 a - a +0 dagger
 g - a +0 sling of freezing
 t - a +6 quarterstaff of chaos (weapon)
Missiles
 q - 5 curare-tipped darts
 C - 6 atropa-tipped darts
Armour
 b - a +0 robe
 c - a +0 hat (worn)
 u - a +0 cloak of stealth (worn)
 v - a +2 robe of willpower
 E - the +1 scale mail of Zeplic (worn) {Rampage}
   (You bought it in a shop on level 4 of the Dungeon)

   Rampage:   It bestows one free step when moving towards enemies.
 I - a +0 pair of gloves (worn)
Jewellery
 e - an amulet of regeneration (around neck)
 h - a ring of willpower
 k - a ring of ice (left hand)
 l - a ring of protection from fire (right hand)
 F - a +6 ring of dexterity
 G - a ring of resist corrosion
Wands
 s - a wand of digging (11)
 J - a wand of flame (12)
Scrolls
 f - 6 scrolls of teleportation
 w - 3 scrolls of butterflies {unknown}
 y - a scroll of torment {unknown}
 D - a scroll of noise {unknown}
 H - a scroll of summoning {unknown}
Potions
 d - 3 potions of magic
 i - 4 potions of resistance
 j - 2 potions of curing
 m - a potion of might
 n - 4 potions of attraction
 o - 2 potions of flight {unknown}
 p - a potion of degeneration {unknown}
 r - a potion of ambrosia {unknown}
 x - a potion of mutation {unknown}
 z - 4 potions of lignification {unknown}
 A - 2 potions of heal wounds {unknown}
 B - a potion of brilliance {unknown}


   Skills:
 + Level 3.0 Fighting
 + Level 1.3 Armour
 + Level 3.6 Dodging
 + Level 3.8 Stealth
 * Level 5.3 Spellcasting
 + Level 3.4 Conjurations
 + Level 3.4 Summonings
 + Level 3.1 Translocations
 + Level 1.9 Invocations


You had 14 spell levels left.
You knew the following spells:

 Your Spells              Type           Power      Damage    Failure   Level
a - Magic Dart            Conj           68%        1d6       19%         1
b - Call Imp              Summ           17%        N/A       28%         2

Your spell library contained the following spells:

 Spells                   Type           Power      Damage    Failure   Level
 Blink                    Tloc           32%        N/A       32%         2
 Slow                     Hex            16%        N/A       58%         1
 Conjure Flame            Conj/Fire      10%        6-21      75%         3
 Mephitic Cloud           Conj/Pois/Air  8%         N/A       82%         3


Dungeon Overview and Level Annotations

Branches:
Dungeon (6/15)
 Temple: D:4-7

Altars:
Makhleb
Ru
Sif Muna

Shops:
D:2 (   D:4 =[


Innate Abilities, Weirdness & Mutations

You are partially covered in yellow scales. (AC +2)
You may rarely emit foul miasma when damaged in melee.
You have a tail ending in a sharp stinger.


Message History

You miss something. Something hits you. Something hits you but does no damage.
You hit something. You burn something. Makhleb accepts your kill.
You feel better.
Reactivating autopickup.
You feel a bit more experienced.
Your Fighting skill increases to level 3!
You sock the orc! You burn the orc.
You kill the orc!
Makhleb accepts your kill.
You bump into the rock wall.
The orc priest mumbles some strange prayers to Beogh against you.
Pain shoots through your body!
The orc priest hits you but does no damage.
Items here: )) [[ ††.
You sock the orc priest!
You kill the orc priest!
Makhleb accepts your kill.
You feel less confused. The gargoyle hits you with a +0 mace!
You hit the gargoyle but do no damage. The gargoyle closely misses you.
You sock the gargoyle! You freeze the gargoyle.
The gargoyle is moderately damaged.
The gargoyle hits you with a +0 mace!
* * * LOW HITPOINT WARNING * * *
You hit the gargoyle but do no damage.
The gargoyle is moderately damaged.
The gargoyle hits you with a +0 mace!
* * * LOW HITPOINT WARNING * * *
The gargoyle hits you but does no damage.
Okay, then.
Okay, then.
It was a potion of might.
You feel very mighty all of a sudden. The gargoyle barely misses you.
You hit the gargoyle but do no damage.
You tail-slap the gargoyle, but do no damage.
The gargoyle is moderately damaged.
The gargoyle hits you with a +0 mace!
You die...

..9....##..#...
........#....
#........#
#........#
#.....o..#
##.....#.#
#....##.# #..##
#9# ### #@# #.#
########## #.#
.......... #.#
#..###########.#.#
#..............#.#
#...####.#.#####.#
....#.#..#....<#†#
##...#.#.#.#.#.#.#


You could see a gargoyle.

Vanquished Creatures
  Sigmund (D:2)
  An ice beast (D:4)
  A black bear (D:5)
  3 ogres
  A centaur (D:5)
  4 scorpions (D:5)
  2 orc priests
  Crazy Yiuf (D:2)
  3 iguanas
  Jessica (D:2)
  An orc wizard (D:6)
  Terence (D:2)
  A gnoll (D:2)
  4 adders
  An ufetubus (D:3)
  3 worms
  4 dart slugs
  10 orcs
  5 ball pythons
  8 endoplasms
  2 giant cockroaches
  5 goblins
  9 hobgoblins
  7 jackals
  9 kobolds
  4 quokkas
  7 bats
  5 frilled lizards
  9 rats
113 creatures vanquished.

Vanquished Creatures (others)
  4 fungi (D:2)
4 creatures vanquished.

Grand Total: 117 creatures vanquished

Notes
Turn   | Place    | Note
-------+----------+-------------------------------------------
     0 | D:1      | javelincjr the Demonspawn Hedge Wizard began the quest for
                  | the Orb.
     0 | D:1      | Reached XP level 1. HP: 13/13 MP: 4/4
   151 | D:1      | Reached skill level 1 in Translocations
   438 | D:1      | Gained mutation: You have a small tail. [demonic ancestry]
   438 | D:1      | Reached XP level 2. HP: 16/19 MP: 0/6
  1237 | D:1      | Found a faded altar of an unknown god.
  1489 | D:1      | Prayed at the altar of an unknown god.
  1489 | D:1      | Became a worshipper of Makhleb the Destroyer
  1489 | D:1      | Reached * piety under Makhleb
  2105 | D:2      | Reached XP level 3. HP: 5/25 MP: 0/7
  2639 | D:2      | Identified the +3 leather armour of Fisaov Erru {rC+}
  3090 | D:2      | Noticed Jessica
  3093 | D:2      | Killed Jessica
  3094 | D:2      | Gained mutation: You may rarely emit foul miasma when
                  | damaged in melee. [demonic ancestry]
  3094 | D:2      | Reached XP level 4. HP: 31/31 MP: 9/9
  3175 | D:2      | Reached skill level 1 in Fighting
  3345 | D:2      | Found Zakkecsu's Weapon Shop.
  3392 | D:2      | Noticed Terence
  3396 | D:2      | Learned a level 2 spell: Call Imp
  3410 | D:2      | Killed Terence
  3684 | D:2      | Found a runed translucent door.
  3685 | D:2      | Noticed Crazy Yiuf
  3960 | D:2      | Killed Crazy Yiuf
  3961 | D:2      | Gained mutation: You have a tail ending in a sharp stinger.
                  | [demonic ancestry]
  3961 | D:2      | Reached XP level 5. HP: 12/37 MP: 4/10
  4326 | D:2      | Noticed Sigmund
  4362 | D:2      | Killed Sigmund
  4363 | D:2      | Reached skill level 4 in Spellcasting
  4363 | D:2      | Gained mutation: You are partially covered in yellow
                  | scales. (AC +2) [demonic ancestry]
  4363 | D:2      | Reached XP level 6. HP: 44/44 MP: 5/12
  5491 | D:3      | Reached ** piety under Makhleb
  5965 | D:4      | Found Ysiruf's Jewellery Shop.
  6060 | D:4      | Found Haptuxt Sach's Antique Armour Emporium.
  6271 | D:4      | Found a shimmering blue altar of Sif Muna.
  6510 | D:4      | Found a sacrificial altar of Ru.
  6912 | D:4      | Noticed an ice beast
  6928 | D:4      | Killed an ice beast
  6929 | D:4      | Reached XP level 7. HP: 50/50 MP: 10/13
  7010 | D:5      | Entered Level 5 of the Dungeon
  7205 | D:4      | Bought a scorched scale mail for 216 gold pieces
  7205 | D:4      | Identified the +1 scale mail of Zeplic {Rampage} (You
                  | bought it in a shop on level 4 of the Dungeon)
  7343 | D:5      | Reached skill level 1 in Invocations
  7377 | D:5      | Reached skill level 5 in Spellcasting
  7381 | D:5      | Reached XP level 8. HP: 57/57 MP: 15/15
  7384 | D:5      | Reached skill level 1 in Armour
  8040 | D:6      | Noticed a gargoyle
  8073 | D:6      | Slain by a gargoyle

Illustrated notes

Levels and vault maps discovered:
D:1:      matt_arrival_los_fun, layout_basic,
          shapermc_ecumenical_altar_notcrosses
D:2:      layout_loops_corners, serial_shops, nicolae_diamond_shop,
          minmay_misc_feat_five, uniq_jessica, uniq_crazy_yiuf_cottage,
          uniq_terence, uniq_sigmund
D:3:      layout_loops_corners
D:4:      layout_loops_ring, amcnicky_altar_gilded, tso_oasis_becter,
          general_overflow_altar, serial_shops, nicolae_shop_waterfront,
          minivault_5, corexii_leaking_fountain, nicolae_take_the_stairs,
          dreamdust_princess_bridge, minmay_crystal_room
D:5:      layout_basic, zin_academy, nrook_mini_vaults
D:6:      kennysheep_spiral_hall, layout_basic, gammafunk_temple_overflow_arena,
          minmay_temple_entry_sparse_star, minmay_misc_feat_tiny

Skill      XL: |  1  2  3  4  5  6  7  8 |
---------------+-------------------------+-----
Translocations | 1 2 3 |  3.1
Dodging        | 2 3 |  3.6
Stealth        | 2 3 |  3.8
Fighting       | 1 2 3 |  3.0
Conjurations   | 2 3 |  3.4
Spellcasting   | 4 5 |  5.3
Summonings     | 2 3 |  3.4
Invocations    | 1 |  1.9
Armour         | 1 |  1.3

Action                   |  1- 3 |  4- 6 |  7- 9 || total
-------------------------+-------+-------+-------++-------
Melee: Dagger            |     6 |    12 |       ||    18
       Tailslap          |       |     5 |    12 ||    17
       Quarterstaff      |       |    32 |    73 ||   105
 Fire: Sling             |    70 |    26 |       ||    96
 Cast: Magic Dart        |    56 |    95 |    15 ||   166
       Call Imp          |       |    15 |       ||    15
  Use: Scroll            |       |    10 |       ||    10
       Potion            |       |       |     1 ||     1
 Stab: Sleeping          |       |     2 |     1 ||     3
       Petrified         |       |       |     1 ||     1
Armor: Robe              |     5 |    32 |     3 ||    40
       Scale mail        |       |       |    26 ||    26
Dodge: Dodged            |    49 |    58 |    37 ||   144
